 Dungeon Crawl Stone Soup version 0.21-a0-59-g7b0e191 (webtiles) character file.

24 HAL9000 the Chucker (level 3, 0/39 HPs)
             Began as an Ogre Hunter on June 16, 2017.
             Slain by Terence
             ... wielding a +1 falchion of protection
              (1 damage)
             ... on level 2 of the Dungeon.
             The game lasted 00:03:21 (1059 turns).

HAL9000 the Chucker (Ogre Hunter)                   Turns: 1059, Time: 00:03:22

Health: 0/39       AC:  3    Str: 14 (17) XL:     3   Next: 2%
Magic:  3/3        EV:  9    Int: 11 (12) God:
Gold:   83         SH:  0    Dex:  6 (9)  Spells: 2/2 levels left

rFire    . . .     SeeInvis .   a - +0 short sword
rCold    . . .     Gourm    .   (no shield)
rNeg     . . .     Faith    .   b - +0 robe
rPois    .         Spirit   .   (helmet restricted)
rElec    .         Reflect  .   (no cloak)
rCorr    .         Harm     +   (gloves unavailable)
MR       .....                  (boots unavailable)
Stlth    ++........             i - amulet of harm
HPRegen  0.13/turn              q - ring of stealth
MPRegen  0.08/turn              (no ring)

@: lethally poisoned (0 -> -6), drained
A: unfitting armour, tough skin 1
a: no special abilities


You were on level 2 of the Dungeon.
You were hungry.

You visited 1 branch of the dungeon, and saw 2 of its levels.

You collected 83 gold pieces.

Inventory:

Hand Weapons
 a - a +0 short sword (weapon)
 n - a +0 club
Missiles
 c - 2 large rocks (quivered)
Armour
 b - a +0 robe (worn)
Jewellery
 i - an amulet of harm (around neck)
 q - a ring of stealth (left hand)
Scrolls
 k - a scroll of immolation {unknown}
 p - a scroll of remove curse {unknown}
Comestibles
 f - a bread ration
 j - 7 fruits


   Skills:
 - Level 4.0(3.7) Fighting
 + Level 1.1(0.9) Maces & Flails
 - Level 4.0(3.7) Throwing
 - Level 1.7(1.5) Dodging
 - Level 0.6(0.3) Stealth


You had 2 spell levels left.
You didn't know any spells.

Dungeon Overview and Level Annotations

Branches:
Dungeon (2/15)

Altars:

Annotations:
D:2 Terence


Innate Abilities, Weirdness & Mutations

You are too large for most types of armour.
You have tough skin. (AC +1)


Message History

* * * LOW HITPOINT WARNING * * *
You are poisoned.
The adder poisons you! Terence hits you but does no damage.
The adder bites you.
* * * LOW HITPOINT WARNING * * *
You are lethally poisoned!
The adder poisons you!
Unknown command.
Throwing (i - inventory):
c - 3 large rocks (quivered)
Press: ? - help, Shift-Dir - straight line, f/p - Terence
Aim: Terence, wielding a falchion of protection and wearing a shiny chain mail (severely wounded)
You throw a large rock. The large rock barely misses Terence.
* * * LOW HITPOINT WARNING * * *
You feel sick. The adder bites you.
* * * LOW HITPOINT WARNING * * *
Terence hits you with a falchion of protection.
* * * LOW HITPOINT WARNING * * *
The adder bites you but does no damage.
Terence hits you with a falchion of protection.
You die...

...############.#
..## #<.# #.# ##.##
#S## ##..###### #..#
#(.......#
##.#########..(.....#
....................#
≈..########....S....#
.≈.# #.....#%(@@...#
≈≈.# #..#############
≈..... .... .≈.# ..#


You could see Terence and an adder.

Vanquished Creatures
  A dart slug (D:1)
  A leopard gecko (D:1)
  2 bats (D:1)
  A goblin (D:1)
  5 hobgoblins
  3 jackals (D:1)
  A frilled lizard (D:1)
  3 kobolds (D:1)
  2 rats (D:1)
19 creatures vanquished.

Notes
Turn   | Place    | Note
-------+----------+-------------------------------------------
     0 | D:1      | HAL9000 the Ogre Hunter began the quest for the Orb.
     0 | D:1      | Reached XP level 1. HP: 22/22 MP: 1/1
   142 | D:1      | Reached XP level 2. HP: 29/31 MP: 2/2
   706 | D:1      | Reached skill level 1 in Maces & Flails
   902 | D:2      | Noticed Terence
   909 | D:2      | Reached XP level 3. HP: 36/39 MP: 3/3
  1059 | D:2      | HP: 1/39 [Terence/falchion of protection (2)]
  1059 | D:2      | Slain by Terence

Vault maps used:
D:1:      lightli_arrival_boilingwater
D:2:      chequers_ecumenical_altar_island, nicolae_qazlal_general_emergency,
          uniq_robin, uniq_terence

Skill      XL: |  1  2 |
---------------+-------+-----
Fighting       | 3 4 |  4.0
Maces & Flails | 1 |  1.1
Throwing       | |  4.0
Dodging        | |  1.7
Stealth        | |  0.6

Action                   || total
-------------------------++-------
Melee: Short sword       ||   131
Throw: Large rock        ||     8
       Throwing net      ||     2
  Use: Potion            ||     4
 Stab: Held in net/web   ||     2
Armor: Robe              ||    34
Dodge: Dodged            ||    89
